 Dungeon Crawl Stone Soup version 0.27-a0-277-g024f7ef292 (webtiles) character file.

Game seed: 13469606935232484225

60 Borgoz the Ruffian (level 4, 0/37 HPs)
             Began as a Ghoul Gladiator on Feb 5, 2021.
             Slain by a rat (1 damage)
             ... on level 2 of the Dungeon.
             The game lasted 00:00:52 (915 turns).

Borgoz the Ruffian (Ghoul Gladiator)                 Turns: 915, Time: 00:00:53

Health: 0/37       AC:  4    Str: 17    XL:     4   Next: 4%
Magic:  3/3        EV: 12    Int:  3    God:
Gold:   29         SH:  0    Dex: 11    Spells: 3/3 levels left

rFire    . . .     SeeInvis .     - Unarmed
rCold    + . .     Faith    .   (no shield)
rNeg     + + +     Spirit   .   a - +0 leather armour
rPois    ∞         Reflect  .   b - +0 helmet
rElec    .         Harm     .   (no cloak)
rCorr    .         Rampage  .   (no gloves)
Will     .....                  (no boots)
Stlth    +.........             (no amulet)
HPRegen  0.00/turn              (no ring)
MPRegen  0.08/turn              (no ring)

@: mighty
A: claws 1, cold resistance 1, negative energy resistance 3, inhibited
regeneration, torment resistance, unbreathing
a: no special abilities


You were on level 2 of the Dungeon.
You visited 1 branch of the dungeon, and saw 2 of its levels.

You collected 29 gold pieces.

Inventory:

Missiles
 c - a throwing net (quivered)
Armour
 a - a +0 leather armour (worn)
 b - a +0 helmet (worn)
Scrolls
 e - 2 scrolls of teleportation
 g - a scroll of remove curse {unknown}
 h - a scroll of fear {unknown}
Potions
 f - a potion of brilliance {unknown}
 i - a potion of berserk rage {unknown}
 j - a potion of curing {unknown}
 k - a potion of flight {unknown}


   Skills:
 + Level 2.9 Fighting
 - Level 1.7 Throwing
 + Level 1.3 Armour
 + Level 3.2 Dodging
 + Level 3.8 Unarmed Combat


You had 3 spell levels left.
You didn't know any spells.
Your spell library was empty.

Dungeon Overview and Level Annotations

Branches:
Dungeon (2/15)

Altars:


Innate Abilities, Weirdness & Mutations

You thrive by killing the living.
You are immune to poison.
You have sharp fingernails.
Your flesh is cold resistant. (rC+)
You are immune to negative energy. (rN+++)
You do not regenerate when monsters are visible.
You are immune to unholy pain and torment.
You can survive without breathing.


Message History

* * * LOW HITPOINT WARNING * * *
You have reached level 4!
It was a potion of might.
You feel very mighty all of a sudden. The rat closely misses you.
The gnoll misses you. The gnoll closely misses you.
Items here: ( †††.
Throw: 2 throwing nets
Press: ? - help, Q - select action Shift-Dir - straight line, f - gnoll
Aim: a gnoll, wielding a +0 spear (60% to hit)
You throw a throwing net. The throwing net hits the gnoll.
The gnoll is caught in the net!
The rat bites you.
* * * LOW HITPOINT WARNING * * *
A gnoll comes into view. It is wielding a +0 whip.
The gnoll struggles against the net.
You claw the gnoll!
The gnoll is almost dead.
The rat bites you.
You die...

#. ..# . ...) #. #..#
.###.#####.>###
......#....... .#
.#.?...g##).# ..#
.......@##..######...
.......r...g.......#
#......!.#........>.
.........#...##.##
#..$....##.##...##
..........##..8..##
###.>.#####.....[.###
#### #.....8....
#..<......#


You could see 2 gnolls and a rat.

Vanquished Creatures
  A worker ant (D:2)
  2 worms (D:2)
  A dart slug (D:2)
  A leopard gecko (D:1)
  A giant cockroach (D:1)
  4 goblins
  2 hobgoblins (D:1)
  6 bats (D:1)
  3 frilled lizards (D:1)
  7 kobolds (D:1)
  4 rats
32 creatures vanquished.

Notes
Turn   | Place    | Note
-------+----------+-------------------------------------------
     0 | D:1      | Borgoz the Ghoul Gladiator began the quest for the Orb.
     0 | D:1      | Reached XP level 1. HP: 17/17 MP: 0/0
     2 | D:1      | Noticed a demonspawn
     2 | D:1      | Noticed a vine stalker
     4 | D:1      | Noticed a ghoul
     4 | D:1      | Noticed a demigod
     6 | D:1      | Noticed an elf
     6 | D:1      | Noticed a spriggan
     8 | D:1      | Noticed a formicid
    10 | D:1      | Noticed a centaur
    10 | D:1      | Noticed a felid
    12 | D:1      | Noticed a vampire
    12 | D:1      | Noticed an ogre
    14 | D:1      | Noticed a halfling
    16 | D:1      | Noticed a gargoyle
    16 | D:1      | Noticed a troll
    18 | D:1      | Noticed a dwarf
    20 | D:1      | Noticed a human
    22 | D:1      | Noticed a draconian
    22 | D:1      | Noticed a minotaur
    24 | D:1      | Noticed a tengu
    24 | D:1      | Noticed a merfolk
    26 | D:1      | Noticed an octopode
    26 | D:1      | Noticed a naga
    95 | D:1      | Reached XP level 2. HP: 24/25 MP: 1/1
   814 | D:2      | Reached XP level 3. HP: 25/30 MP: 2/2
   816 | D:2      | Reached skill level 1 in Armour
   912 | D:2      | Reached XP level 4. HP: 4/37 MP: 3/3
   914 | D:2      | HP: 1/37 [rat (3)]
   915 | D:2      | Slain by a rat

Illustrated notes

Levels and vault maps discovered:
D:1:      kb_arrival_jail, layout_basic, serial_bayou_pond_d,
          minmay_misc_feat_diagonals
D:2:      layout_loops_ring, minmay_misc_feat_ornament, grunt_ministairs_9,
          fedhas_altar_4

Skill      XL: |  1  2  3 |
---------------+----------+-----
Dodging        | 3 |  3.2
Armour         | 1 |  1.3
Fighting       | |  2.9
Throwing       | |  1.7
Unarmed Combat | |  3.8

Action                   |  1- 3 |  4- 6 || total
-------------------------+-------+-------++-------
Melee: Unarmed           |   102 |     1 ||   103
       Punch             |     2 |       ||     2
Throw: Throwing net      |     1 |     1 ||     2
  Use: Scroll            |     1 |       ||     1
       Potion            |       |     1 ||     1
 Stab: Held in net/web   |     1 |       ||     1
Armor: Leather armour    |    37 |       ||    37
Dodge: Dodged            |    86 |     3 ||    89

Table legend: (Time is in decaauts)
 A = Elapsed time spent in this place.
 B = Non-inter-level travel time spent in this place.
 C = Inter-level travel time spent in this place.
 D = Time resting spent in this place.
 E = Time spent auto-exploring this place.
 F = Levels seen in this place.
 G = Mean time per level.
                   A        B        C        D        E       F      G
               +--------+--------+--------+--------+--------+-----+--------+
         Total |    909 |    876 |     33 |     65 |    635 |   2 |  454.5 |
       Dungeon |    909 |    876 |     33 |     65 |    635 |   2 |  454.5 |
               +--------+--------+--------+--------+--------+-----+--------+

Top non-repeatable levels by time:
     D:1: 802 daAuts
     D:2: 107 daAuts
